 Dungeon Crawl Stone Soup version 0.27-a0-29-g2d0a2396b0 (webtiles) character file.

Game seed: 7090968793364630208

37 sahdkjhfkaj the Conjurer (level 3, -6/19 HPs)
             Began as a Tengu Conjurer on Jan 3, 2021.
             Killed by divine providence
             ... invoked by an orc priest
              (14 damage)
             ... on level 2 of the Dungeon.
             The game lasted 00:02:20 (1517 turns).

sahdkjhfkaj the Conjurer (Tengu Conjurer)           Turns: 1517, Time: 00:02:21

Health: -6/19      AC:  2    Str:  7    XL:     3   Next: 39%
Magic:  6/7        EV: 12    Int: 19    God:
Gold:   41         SH:  0    Dex: 12    Spells: 3/6 levels left

rFire    . . .     SeeInvis .   f - +0 dagger
rCold    . . .     Faith    .   (no shield)
rNeg     . . .     Spirit   .   a - +0 robe
rPois    .         Reflect  .   (helmet restricted)
rElec    .         Harm     .   (no cloak)
rCorr    .         Rampage  .   (no gloves)
Will     .....                  (boots unavailable)
Stlth    ++........             (no amulet)
HPRegen  0.06/turn              (no ring)
MPRegen  0.10/turn              (no ring)

@: slowed, very slow
A: beak, talons 3
a: no special abilities


You were on level 2 of the Dungeon.
You visited 1 branch of the dungeon, and saw 2 of its levels.

You collected 41 gold pieces.

Inventory:

Hand Weapons
 f - a +0 dagger (weapon)
Missiles
 p - 133 stones
Armour
 a - a +0 robe (worn)
Jewellery
 h - a cursed amulet of inaccuracy {unknown}
 i - an uncursed ring of positive energy {unknown}
 l - a +4 ring of evasion {unknown}
Scrolls
 b - a scroll of remove curse {unknown}
 d - a scroll of identify {unknown}
 e - a scroll of enchant weapon {unknown}
 g - a scroll of fog {unknown}
 j - 2 scrolls of teleportation {unknown}
 k - 2 scrolls of amnesia {unknown}
 o - a scroll of random uselessness {unknown}
Potions
 c - a potion of might {unknown}
 m - a potion of flight {unknown}
 n - a potion of ambrosia {unknown}


   Skills:
 - Level 2.1 Dodging
 - Level 2.0 Stealth
 - Level 2.0 Spellcasting
 + Level 6.8 Conjurations


You had 3 spell levels left.
You knew the following spells:

 Your Spells              Type           Power        Failure   Level
a - Magic Dart            Conj           100%         1%          1
b - Searing Ray           Conj           54%          1%          2

Your spell library contained the following spells:

 Spells                   Type           Power        Failure   Level
 Dazzling Flash           Conj/Hex       28%          12%         3
 Fulminant Prism          Conj/Hex       7%           38%         4
 Iskenderun's Mystic Bla  Conj/Tloc      14%          38%         4


Dungeon Overview and Level Annotations

Branches:
Dungeon (2/15)

Altars:

Annotations:
D:2 Terence


Innate Abilities, Weirdness & Mutations

You have a beak for a mouth.
You have claws for feet.


Message History

(Press . to maintain the ray.)
An orc priest comes into view. It is wielding a +0 war axe.
Unknown command.
There is a stone staircase leading down here.
The orc priest invokes the aid of Beogh against you.
Beogh smites you!
Ouch! That really hurt!
You hear a shout!
Unknown command.
Unknown command.
Okay, then.
Terence barely misses you.
Okay, then.
Terence closely misses you.
The orc priest casts a cantrip, but nothing happens.
Terence hits you but does no damage.
The orc priest calls down the wrath of Beogh upon you.
Beogh smites you!
Ouch! That really hurt!
You die...

#.##.##.# #.#
#.##.##.# ..#
#.##....## #.#
#######.#......# #.#
#.....#.#.##...# #####
#.#
#..............###...!
#.#
#......#..o..>†......$
#.#
#...)..@o...o#.###o.o.
##<# #....@#......#.#
###.# #..#
####<####......# #>#
#.## #.#####.#.### #.#
#.# #.......#.# #.#
##.## ####...##.# #..
##...########.###.#.#
### #.............# ..
##...########.# #
##.## ##..


You could see Terence, 2 orc priests and an orc wizard.

Vanquished Creatures
  A dart slug (D:1)
  A leopard gecko (D:1)
  A giant cockroach (D:1)
  2 goblins (D:1)
  6 hobgoblins (D:1)
  8 jackals (D:1)
  4 bats
  4 kobolds
  2 rats
29 creatures vanquished.

Notes
Turn   | Place    | Note
-------+----------+-------------------------------------------
     0 | D:1      | sahdkjhfkaj the Tengu Conjurer began the quest for the Orb.
     0 | D:1      | Reached XP level 1. HP: 10/10 MP: 4/4
   145 | D:1      | Reached XP level 2. HP: 15/15 MP: 3/6
   158 | D:1      | Reached skill level 6 in Conjurations
   519 | D:1      | Learned a level 2 spell: Searing Ray
   753 | D:1      | Reached XP level 3. HP: 19/19 MP: 4/7
  1500 | D:2      | Noticed Terence
  1517 | D:2      | Killed from afar by an orc priest

Illustrated notes

Levels and vault maps discovered:
D:1:      dpeg_arrival_pond, layout_rooms, serial_curves, eino_curves_02,
          eino_curves_02, minmay_crystal_water
D:2:      layout_loops_cross, minmay_tetromino_s4, uniq_terence

Skill      XL: |  1  2 |
---------------+-------+-----
Conjurations   | 6 |  6.8
Dodging        | |  2.1
Stealth        | |  2.0
Spellcasting   | |  2.0

Action                   || total
-------------------------++-------
Melee: Dagger            ||     6
       Peck              ||     1
 Cast: Magic Dart        ||    54
       Searing Ray       ||     1
Armor: Robe              ||    19
Dodge: Dodged            ||    53

Table legend: (Time is in decaauts)
 A = Elapsed time spent in this place.
 B = Non-inter-level travel time spent in this place.
 C = Inter-level travel time spent in this place.
 D = Time resting spent in this place.
 E = Time spent auto-exploring this place.
 F = Levels seen in this place.
 G = Mean time per level.
                   A        B        C        D        E       F      G
               +--------+--------+--------+--------+--------+-----+--------+
         Total |   1524 |   1491 |     33 |    310 |    929 |   2 |  762.0 |
       Dungeon |   1524 |   1491 |     33 |    310 |    929 |   2 |  762.0 |
               +--------+--------+--------+--------+--------+-----+--------+

Top non-repeatable levels by time:
     D:1: 1431 daAuts
     D:2: 93 daAuts
